 Dungeon Crawl Stone Soup version 0.29.1-15-g9cfb28693d (webtiles) character file.

Game seed: 17219456664305786541

79 Heoruswealwe the Magician (level 4, -4/22 (24) HPs)
             Began as a Deep Elf Earth Elementalist on Mar 12, 2023.
             Killed by a bolt of negative energy (21 damage)
             ... invoked by the anger of Yredelemnul
             ... on level 3 of the Dungeon.
             The game lasted 00:19:32 (1974 turns).

Heoruswealwe the Magician (DEEE)                    Turns: 1974, Time: 00:19:33

HP:   -4/22 (24)    AC:  2    Str:  5    XL:     4   Next: 17%
MP:   12/12         EV: 12    Int: 22    God:
Gold: 105           SH:  0    Dex: 15    Spells: 9/12 levels left

rFire   + . .      SeeInvis .   f - +0 short sword
rCold   . . .      Faith    .   (no shield)
rNeg    . . .      Spirit   .   a - +0 robe
rPois   .          Reflect  .   (no helmet)
rElec   .          Harm     .   (no cloak)
rCorr   .          Rampage  .   (no gloves)
Will    .....                   (no boots)
Stlth   ++........              (no amulet)
HPRegen 0.07/turn               j - ring of protection from fire
MPRegen 0.13/turn               (no ring)

@: drained
A: no striking features
a: no special abilities


You were on level 3 of the Dungeon.
You visited 1 branch of the dungeon, and saw 3 of its levels.

You collected 105 gold pieces.

Inventory:

Hand Weapons
 f - a +0 short sword (weapon)
Armour
 a - a +0 robe (worn)
Jewellery
 j - a ring of protection from fire (left hand)
Scrolls
 c - a scroll of silence {unknown}
 d - a scroll of teleportation {unknown}
 g - 4 scrolls of identify {unknown}
 h - a scroll of blinking {unknown}
 l - a scroll of noise {unknown}
 m - a scroll of enchant armour {unknown}
 n - 2 scrolls of summoning {unknown}
Potions
 b - a potion of magic
 e - 2 potions of ambrosia {unknown}
 i - a potion of cancellation {unknown}
 k - a potion of haste {unknown}


   Skills:
 - Level 2.4 Dodging
 - Level 2.4 Stealth
 * Level 4.8 Spellcasting
 + Level 2.3 Transmutations
 + Level 3.9 Earth Magic


You had 9 spell levels left.
You knew the following spells:

 Your Spells              Type           Power      Damage    Failure   Level
a - Sandblast             Erth           44%        2d11      1%          1
b - Passwall              Tmut/Erth      15%        N/A       4%          2

Your spell library contained the following spells:

 Spells                   Type           Power      Damage    Failure   Level
 Stone Arrow              Conj/Erth      28%        3d8       14%         3
 Petrify                  Tmut/Erth      19%        N/A       28%         4


Dungeon Overview and Level Annotations

Branches:
Dungeon (3/15)

Altars:
Yredelemnul

Shops:
D:2 [

Annotations:
D:3 3 runed translucent doors, ciphuk's ghost, amateur TeHu


Message History

There is a stone staircase leading down here.
You climb downwards.
There is a stone staircase leading up here.
There is a stone staircase leading up here.
There is a stone staircase leading down here.
You climb downwards.
Found a scroll labelled JOUDOM GUUDD and a thick runed staff.
There is a stone staircase leading up here.
The blast of sand hits the hobgoblin.
You kill the hobgoblin!
A ball python comes into view.
The ball python moves out of view.
m - a scroll labelled JOUDOM GUUDD You see here a staff of air.
Found a stone staircase leading down.
Found 11 gold pieces.
Found a runed translucent gate.
Found a robe and 8 gold pieces.
You now have 105 gold pieces (gained 11).
A rat comes into view.
The blast of sand hits the rat.
You kill the rat!
Yredelemnul's anger turns toward you for a moment.
The bolt of negative energy hits you!
You feel drained.
Ouch! That really hurt!
* * * LOW HITPOINT WARNING * * *
You see here a rat corpse.
Found a robe.
You see here a +0 robe.
You enter the shallow water.
Moving in this stuff is going to be slow.
Found 2 scrolls labelled WAUXZU IRUBOMM.
n - 2 scrolls labelled WAUXZU IRUBOMM
Found 2 stones.
Found a scroll labelled JIUSSI VOTUOTILU.
g - 4 scrolls labelled JIUSSI VOTUOTILU (gained 1) Yredelemnul's anger turns toward you for a moment.
The bolt of negative energy hits you!!
You feel drained.
Ouch! That really hurt!
You die...

#. ###
#.#########
####+##(.........
#........########
#..#####.#
#..#####.#
####........#
#..##.#######
#..@..# #..####
####


You could see the anger of Yredelemnul (unaware).

Vanquished Creatures
  2 adders (D:2)
  An orc (D:2)
  7 ball pythons
  6 bats
  6 endoplasms
  A giant cockroach (D:2)
  4 goblins
  4 hobgoblins
  5 jackals
  4 quokkas
  5 frilled lizards
  3 kobolds (D:1)
  8 rats
56 creatures vanquished.

Notes
Turn   | Place    | Note
-------+----------+-------------------------------------------
     0 | D:1      | Heoruswealwe the Deep Elf Earth Elementalist began the
                  | quest for the Orb.
     0 | D:1      | Reached XP level 1. HP: 10/10 MP: 6/6
   190 | D:1      | Reached XP level 2. HP: 15/15 MP: 3/8
   361 | D:1      | Reached skill level 4 in Spellcasting
   404 | D:1      | Reached XP level 3. HP: 6/19 MP: 1/10
   697 | D:1      | Found a faded altar of an unknown god.
   708 | D:1      | Prayed at the altar of an unknown god.
   708 | D:1      | Became a worshipper of Yredelemnul the Dark
   708 | D:1      | Reached * piety under Yredelemnul
   709 | D:1      | Fell from the grace of Yredelemnul
   885 | D:2      | Learned a level 2 spell: Passwall
  1306 | D:2      | Reached XP level 4. HP: 24/24 MP: 9/12
  1636 | D:2      | Found Matero's Armour Boutique.
  1832 | D:3      | Found a runed translucent gate.
  1833 | D:3      | Found a runed translucent gate.
  1833 | D:3      | Found a runed translucent gate.
  1835 | D:3      | Noticed ciphuk's ghost (amateur TeHu)
  1974 | D:3      | Killed by a bolt of negative energy

Illustrated notes

Levels and vault maps discovered:
D:1:      mushboom_english_gardens, layout_basic,
          shapermc_ecumenical_altar_petra, chequers_serial_rivers_micro_e,
          minmay_split_cup_small
D:2:      cheibrodos_helix_gallery, layout_basic, serial_shops,
          nicolae_shop_hallway_plus
D:3:      layout_loops_ring, serial_rivers, chequers_serial_rivers_small_a,
          chequers_serial_rivers_large_a, chequers_serial_rivers_micro_b,
          chequers_serial_rivers_large_b, chequers_serial_rivers_room_a,
          gammafunk_ghost_necromancy, grunt_decor_clamped

Skill      XL: |  1  2  3 |
---------------+----------+-----
Spellcasting   | 4 |  4.8
Transmutations | 2 |  2.3
Dodging        | |  2.4
Stealth        | |  2.4
Earth Magic    | |  3.9

Action                   |  1- 3 |  4- 6 || total
-------------------------+-------+-------++-------
Melee: Short sword       |     5 |       ||     5
 Cast: Sandblast         |    58 |    14 ||    72
Invok: Renounce Religion |     1 |       ||     1
Armor: Robe              |     7 |       ||     7
Dodge: Dodged            |    11 |       ||    11
